 Dungeon Crawl Stone Soup version 0.28-b1-25-g9875b3fc8c (webtiles) character file.

Game seed: 2684443944899764903

16 crazypyro the Skirmisher (level 2, -11/27 HPs)
             Began as a Minotaur Fighter on Feb 1, 2022.
             Mangled by a kobold (15 damage)
             ... on level 1 of the Dungeon.
             The game lasted 00:00:48 (319 turns).

crazypyro the Skirmisher (Minotaur Fighter)          Turns: 319, Time: 00:00:49

Health: -11/27     AC: 11    Str: 20    XL:     2   Next: 37%
Magic:  1/1        EV:  5    Int:  5    God:
Gold:   36         SH:  4    Dex:  9    Spells: 1/1 levels left

rFire   . . .      SeeInvis .   a - +0 war axe
rCold   + . .      Faith    .   c - +0 buckler
rNeg    . . .      Spirit   .   e - +0 plate armour
rPois   .          Reflect  .   (helmet restricted)
rElec   .          Harm     .   (no cloak)
rCorr   .          Rampage  .   (no gloves)
Will    .....                   (no boots)
Stlth   ..........              (no amulet)
HPRegen 0.09/turn               f - ring of protection from cold
MPRegen 0.07/turn               (no ring)

@: no status effects
A: horns 2, retaliatory headbutt
a: no special abilities


You were on level 1 of the Dungeon.
You visited 1 branch of the dungeon, and saw 1 of its levels.

You collected 36 gold pieces.

Inventory:

Hand Weapons
 a - a +0 war axe (weapon)
Armour
 b - a +0 scale mail
 c - a +0 buckler (worn)
 e - a +0 plate armour (worn)
Jewellery
 f - a ring of protection from cold (left hand)
Potions
 d - a potion of might


   Skills:
 + Level 4.0 Fighting
 * Level 3.3 Axes
 - Level 3.6 Armour
 - Level 3.6 Shields


You had one spell level left.
You didn't know any spells.
Your spell library was empty.

Dungeon Overview and Level Annotations

Branches:
Dungeon (1/15)

Altars:


Innate Abilities, Weirdness & Mutations

You have a pair of horns on your head.
You reflexively headbutt those who attack you in melee.


Message History

You hit the rat.
You kill the rat!
Your Fighting skill increases to level 4!
No target in view!
You see here a rat corpse.
A hobgoblin and a bat come into view.
Found 31 sling bullets.
The hobgoblin shouts!
A kobold comes into view.
It is wielding a +1 whip of electrocution.
You barely miss the bat.
The kobold shouts!
Your headbutt misses the bat. The bat hits you but does no damage.
A rat comes into view.
The bat barely misses you. The bat closely misses you.
The hobgoblin hits you but does no damage.
You barely miss the kobold. You hit the hobgoblin.
The bat hits you but does no damage. The hobgoblin hits you.
The bat barely misses you.
The kobold hits you with a +1 whip of electrocution.
You block the hobgoblin's attack.
You closely miss the hobgoblin.
The hobgoblin is heavily wounded.
You barely miss the kobold. You hit the rat.
You kill the rat!
The bat hits you but does no damage.
The kobold hits you with a +1 whip of electrocution.
The hobgoblin hits you but does no damage.
You slash the hobgoblin!
You kill the hobgoblin!
You closely miss the kobold. You block the bat's attack.
The bat hits you but does no damage.
The kobold hits you but does no damage. x2
You are electrocuted!
* * * LOW HITPOINT WARNING * * *
You are too injured to fight recklessly!
You are too injured to fight recklessly!
You closely miss the kobold. The bat hits you but does no damage.
The kobold hits you but does no damage.
You are electrocuted!
Ouch! That really hurt!
You die...

######.#
#......#
#†###### #
#.# #. #.#
###.## #.#
#..... #.#
.#.....##.#
....(bK@..#
##.....####
#.....
###.## ...
###


You could see a bat and a kobold.

Vanquished Creatures
  A dart slug (D:1)
  A bat (D:1)
  An endoplasm (D:1)
  A giant cockroach (D:1)
  A hobgoblin (D:1)
  2 ball pythons (D:1)
  2 kobolds (D:1)
  6 rats (D:1)
15 creatures vanquished.

Notes
Turn   | Place    | Note
-------+----------+-------------------------------------------
     0 | D:1      | crazypyro the Minotaur Fighter began the quest for the Orb.
     0 | D:1      | Reached XP level 1. HP: 19/19 MP: 0/0
   172 | D:1      | Reached XP level 2. HP: 25/27 MP: 1/1
   306 | D:1      | Reached skill level 4 in Fighting
   319 | D:1      | Mangled by a kobold

Illustrated notes

Levels and vault maps discovered:
D:1:      psy_arrival_radial02, layout_loops_ring, grunt_decor_clamped

Skill      XL: |  1  2 |
---------------+-------+-----
Axes           | 3 |  3.3
Fighting       | 4 |  4.0
Armour         | |  3.6
Shields        | |  3.6

Action                   || total
-------------------------++-------
Melee: War axe           ||    28
       Headbutt          ||     2
Armor: Plate armour      ||    21
       Scale mail        ||     2
Dodge: Dodged            ||    13
Block: Buckler           ||     8
